 Dungeon Crawl Stone Soup version 0.28.0-1-gb440e238dd (webtiles) character file.

Game seed: 14520142962083060766

85105 smarlow the Unseen (level 15, -48/58 (71) HPs)
             Began as a Spriggan Enchanter on Feb 24, 2022.
             Was the Champion of Dithmenos.
             Killed from afar by Jorgrun (76 damage)
             ... with an iron shot
             ... on level 1 of the Orcish Mines.
             The game lasted 02:06:39 (35060 turns).

smarlow the Unseen (Spriggan Enchanter)            Turns: 35060, Time: 02:06:40

HP:   -48/58 (71)   AC:  4    Str:  4    XL:     15   Next: 37%
MP:   8/32          EV: 25    Int: 17    God:    Dithmenos [******]
Gold: 1778          SH:  5    Dex: 20    Spells: 14/38 levels left

rFire   + . .      SeeInvis +   g - +7 dagger (venom)
rCold   . . .      Faith    .   (no shield)
rNeg    . . .      Spirit   .   b - +0 robe
rPois   .          Reflect  +   s - +2 hat {Will+}
rElec   +          Harm     .   r - scarf {+Inv}
rCorr   .          Rampage  .   (gloves unavailable)
Will    +++..                   (boots unavailable) Stlth *****+++++
                                v - amulet "Piqojaatt" {Reflect rElec Int+2 SH+5}
HPRegen 0.19/turn               a - ring of wizardry
MPRegen 0.23/turn               j - ring "Badime" {Fly rF+ Int-5 SInv Stlth+}

@: flying, very slightly contaminated, wreathed by umbra, heavily drained, very
quick
A: very small, no large weapons, unfitting armour, see invisible, speed 3
a: Renounce Religion, Evoke Invisibility, Shadow Step, Shadow Form


You were on level 1 of the Orcish Mines.
You worshipped Dithmenos.
Dithmenos was exalted by your worship.
You visited 4 branches of the dungeon, and saw 23 of its levels.
You also visited: Sewer and Gauntlet.

You collected 1886 gold pieces.
You spent 108 gold pieces at shops.

Inventory:

Hand Weapons
 f - a +2 dagger of flaming
 g - a +7 dagger of venom (weapon)
Missiles
 c - 3 throwing nets
Armour
 b - a +0 robe (worn)
 r - a scarf of invisibility (worn)
 s - a +2 hat of willpower (worn)
 K - a scarf of resistance
Jewellery
 a - a ring of wizardry (left hand)
 d - a ring of poison resistance
 j - the ring "Badime" (right hand) {Fly rF+ Int-5 SInv Stlth+}
   (You found it on level 6 of the Dungeon)

   [ring of flight]

   Int:       It affects your intelligence (-5).
   rF:        It protects you from fire.
   SInv:      It lets you see invisible.
   Fly:       It grants you flight.
   Stlth:     It makes you more stealthy.
 q - a +6 ring of intelligence
 v - the amulet "Piqojaatt" (around neck) {Reflect rElec Int+2 SH+5}
   (You found it on level 4 of the Dungeon)

   [amulet of reflection]

   It reflects blocked missile attacks.
   Int:       It affects your intelligence (+2).
   rElec:     It insulates you from electricity.
   SH:        It affects your SH (+5).
 L - a ring of ice
 M - a ring of willpower
 O - the ring of Kiafitz {rElec rF- rN++ Dex+6}
   (You found it in a Gauntlet)

   [ring of dexterity]

   Dex:       It affects your dexterity (+6).
   rF:        It makes you vulnerable to fire.
   rElec:     It insulates you from electricity.
   rN:        It greatly protects you from negative energy.
 T - a +4 ring of evasion
 V - a +4 ring of protection
 W - a ring of protection from fire
Wands
 l - a wand of flame (44)
 m - a wand of polymorph (4)
 A - a wand of paralysis (5)
 B - a wand of iceblast (6)
 I - a wand of mindburst (7)
 N - a wand of acid (16)
Scrolls
 k - a scroll of enchant armour
 u - 5 scrolls of amnesia
 y - 5 scrolls of silence
 z - 3 scrolls of fog
 C - 3 scrolls of immolation
 H - 3 scrolls of magic mapping
 J - a scroll of summoning
 P - 2 scrolls of identify
 S - a scroll of holy word
 U - a scroll of fear
Potions
 h - 2 potions of attraction
 i - 5 potions of might
 n - 5 potions of brilliance
 o - 2 potions of cancellation
 p - 7 potions of ambrosia
 t - 3 potions of curing
 x - a potion of magic
 D - a potion of lignification
 E - 2 potions of resistance
 F - 3 potions of mutation
 G - 2 potions of flight
 Q - a potion of haste
 R - a potion of berserk rage


   Skills:
 + Level 4.8 Fighting
 - Level 5.5 Short Blades
 - Level 10.4 Dodging
 - Level 17.2 Stealth
 + Level 12.4 Spellcasting
 + Level 4.6 Conjurations
 + Level 14.7 Hexes
 + Level 7.2 Transmutations
 - Level 1.0 Ice Magic
 + Level 5.6 Air Magic
 + Level 4.9 Earth Magic
 * Level 16.4 Evocations


You had 14 spell levels left.
You knew the following spells:

 Your Spells              Type           Power      Damage    Failure   Level
a - Ensorcelled Hibernat  Hex/Ice        74%        N/A       1%          2
b - Confusing Touch       Hex            57%        N/A       1%          3
c - Tukima's Dance        Hex            57%        N/A       1%          3
d - Cause Fear            Hex            28%        N/A       1%          4
e - Ignite Poison         Fire/Tmut/Pois 18%        N/A       3%          3
f - Lightning Bolt        Conj/Air       13%        1d27      9%          5
g - Petrify               Tmut/Erth      31%        N/A       2%          4

Your spell library contained the following spells:

 Spells                   Type           Power      Damage    Failure   Level
 Foxfire                  Conj/Fire      72%        2x1d7     1%          1
 Shock                    Conj/Air       100%       1d9       1%          1
 Static Discharge         Conj/Air       27%        N/A       1%          2
 Wereblood                Tmut           35%        N/A       1%          2
 Dazzling Flash           Conj/Hex       86%        N/A       1%          3
 Inner Flame              Hex/Fire       35%        N/A       1%          3
 Spider Form              Tmut/Pois      22%        N/A       1%          3
 Swiftness                Air            29%        N/A       1%          3
 Anguish                  Hex/Necr       17%        N/A       1%          4
 Airstrike                Air            14%        N/A       2%          4
 Conjure Flame            Conj/Fire      18%        6-21      3%          3
 Sublimation of Blood     Necr           10%        N/A       4%          2
 Ozocubu's Armour         Ice            13%        N/A       5%          3
 Irradiate                Conj/Tmut      15%        3d19      6%          5
 Flame Wave               Conj/Fire      18%        2d6       11%         4
 Sticky Flame             Conj/Fire      18%        2d4       11%         4
 Dragon Form              Tmut           17%        N/A       71%         7
 Ozocubu's Refrigeration  Ice            6%         4d6       100%        7
 Summon Hydra             Summ           5%         N/A       100%        7
 Maxwell's Capacitive Co  Air            14%        ∞         100%        8
 Dragon's Call            Summ           5%         N/A       100%        9


Dungeon Overview and Level Annotations

Branches:
Dungeon (15/15)            Temple (1/1) D:7            Lair (6/6) D:11
  Swamp (0/4) Lair:2        Snake (0/4) Lair:4        Slime (0/5) Lair:5
    Orc (1/2) D:9          Vaults (0/5) D:14         Depths (0/4) D:15
  Sewer (visited)         Gauntlet (visited)

Altars:
Ashenzari
Cheibriados
Dithmenos
Elyvilon
Fedhas
Gozag
Hepliaklqana
Kikubaaqudgha
Makhleb
Nemelex Xobeh
Okawaru
Qazlal
Ru
Sif Muna
Trog
Uskayaw
Vehumet
Wu Jian
Xom
Yredelemnul
Zin
The Shining One
Beogh

Shops:
D:8 *   D:12 ?

Portals:
Trove: D:12 (give 5 scrolls of blinking)

Annotations:
D:10 Fannar
D:12 1 runed translucent door
D:15 Agnes
Lair:6 2 runed translucent doors, Urug
Orc:1 Jorgrun


Innate Abilities, Weirdness & Mutations

You are very small and have problems with some larger weapons.
You are too small for most types of armour.
You have supernaturally acute eyesight. (SInv)
You cover ground extremely quickly. (Speed+++)


Message History

Aiming: Lightning Bolt (quite dangerous; 9% risk of failure)
Press: ? - help, Shift-Dir - straight line, f - Jorgrun
Aim: Jorgrun, wielding a +0 vorpal quarterstaff and wearing a +0 robe (moderately wounded, poisoned, umbra, 37% to hit)
You hear a mighty clap of thunder!
The bolt of lightning hits Jorgrun!!
Jorgrun is heavily wounded.
Your shadow mimicks your spell!
The shadow bolt hits Jorgrun!!
Casting: Lightning Bolt (quite dangerous; 9% risk of failure)
Confirm with . or Enter, or press ? or * to list all spells.
The spell is quite dangerous to miscast (9% risk of failure)!
Continue anyway?
Aiming: Lightning Bolt (quite dangerous; 9% risk of failure)
Press: ? - help, Shift-Dir - straight line, f/p - Jorgrun
Aim: Jorgrun, wielding a +0 vorpal quarterstaff and wearing a +0 robe (heavily wounded, poisoned, umbra, 37% to hit)
You miscast Lightning Bolt.
Nothing appears to happen.
Jorgrun hits you with a +0 vorpal quarterstaff!
* * * LOW HITPOINT WARNING * * *
x2 You feel much better.
Jorgrun gestures at you while chanting. You resist with almost no effort.
Casting: Lightning Bolt (quite dangerous; 9% risk of failure)
Confirm with . or Enter, or press ? or * to list all spells.
The spell is quite dangerous to miscast (9% risk of failure)!
Continue anyway?
Aiming: Lightning Bolt (quite dangerous; 9% risk of failure)
Press: ? - help, Shift-Dir - straight line, f/p - Jorgrun
Aim: Jorgrun, wielding a +0 vorpal quarterstaff and wearing a +0 robe (severely wounded, poisoned, umbra, 37% to hit)
You hear a mighty clap of thunder!
The bolt of lightning hits Jorgrun!
Jorgrun is severely wounded.
Your shadow mimicks your spell!
The shadow bolt misses Jorgrun.
You hear a shout!
Jorgrun gestures at you while chanting. You resist with almost no effort.
Jorgrun looks more healthy.
Jorgrun says, "Tha earth be me home, an' ye be trespassing!"
Jorgrun points at you and mumbles some strange words.
The iron shot hits you!!!!
Ouch! That really hurt!
You die...

####. #####.#...
##.#....... ####
##........## ##..##
#......#.#.# ##....###
##...........
#....##.###............
##.#.#...##....#)))..#.
##...@.........)......
##.#....g............
##........#.........
#............>.....
##.###.......<..... ###
##......#.....
##.#.............
#...#........##).
#............)...


You could see Jorgrun.

Vanquished Creatures
  Rupert (Lair:6)
  Gastronok (Lair:1)
  Kirke (D:13)
  A bunyip (shapeshifter) (D:15)
  Harold (Lair:2)
  13 hydras
  4 boulder beetles
  An ogre mage (D:15)
  3 death knights
  3 centaur warriors
  9 two-headed ogres
  A catoblepas (D:13)
  3 tengu warriors
  A fire crab (Lair:6)
  An orc knight (D:15)
  2 wizards (D:15)
  Pikel (D:4)
  A necromancer (D:15)
  5 ugly things
  2 deep elf pyromancers
  An oklob plant (Gauntlet)
  4 manticores
  7 black mambas
  3 elephants (Lair:5)
  7 cyclopes
  A molten gargoyle (Lair:6)
  An eye of devastation (Lair:5)
  A torpor snail (Lair:4)
  A gargoyle (D:11)
  15 cane toads
  2 unseen horrors
  13 komodo dragons
  An efreet (D:15)
  5 kobold demonologists
  A yaktaur (D:13)
  2 tengu conjurers
  A rime drake (Lair:4)
  3 meliai (D:13)
  A queen bee (D:13)
  5 trolls
  A hornet (shapeshifter) (D:14)
  A polar bear (Lair:3)
  Prince Ribbit (D:7)
  Grinder (D:5)
  23 blink frogs
  A tyrant leech (Lair:2)
  9 dream sheep
  9 slime creatures
  6 shadows
  3 wraiths
  31 yaks
  5 basilisks
  A hog (D:13)
  3 wyverns
  2 steam dragons
  14 vampire mosquitoes
  2 wargs (D:11)
  A naga (Lair:4)
  3 swamp worms (Lair:2)
  4 acid dragons
  14 water moccasins
  A floating eye (Lair:5)
  2 hell hounds (Lair:6)
  A hornet zombie (D:7)
  10 orc warriors
  A black bear (Lair:1)
  23 wolves (Lair:1)
  A boggart (D:13)
  6 ogres
  14 centaurs
  3 phantoms
  3 gnoll sergeants
  5 kobold brigands
  A scorpion (D:5)
  8 bullfrogs
  A wight (D:7)
  30 killer bees
  2 electric eels (D:14)
  6 howler monkeys
  6 centaur zombies
  2 lava snakes (Lair:6)
  A bullfrog zombie (D:5)
  5 jellies
  7 orc priests
  3 bullfrog skeletons
  A centaur skeleton (D:6)
  5 iguanas
  19 orc wizards
  A killer bee zombie (D:8)
  2 river rats (Sewer)
  8 adders
  9 gnolls
  A white imp (D:5)
  3 worms
  3 dart slugs
  69 orcs
  7 bats
  16 endoplasms
  10 giant cockroaches
  4 goblins
  9 hobgoblins
  2 jackals (D:3)
  3 quokkas
  7 ball pythons
  16 frilled lizards
  16 kobolds
  12 rats
630 creatures vanquished.

Vanquished Creatures (collateral kills)
  2 molten gargoyles (Lair:6)
  2 orc warriors
  A centaur (D:14)
  2 orc priests (Orc:1)
  2 gnolls (D:8)
  4 orcs
  A kobold (D:12)
14 creatures vanquished.

Vanquished Creatures (others)
  22 dancing weapons
  5 humans (D:13)
  5 bushes (Lair:6)
  61 fungi
  71 plants
164 creatures vanquished.

Grand Total: 808 creatures vanquished

Notes
Turn   | Place    | Note
-------+----------+-------------------------------------------
     0 | D:1      | smarlow the Spriggan Enchanter began the quest for the Orb.
     0 | D:1      | Reached XP level 1. HP: 9/9 MP: 5/5
   675 | D:1      | Reached XP level 2. HP: 9/13 MP: 6/6
   680 | D:1      | Learned a level 2 spell: Ensorcelled Hibernation
  1447 | D:2      | Reached skill level 5 in Stealth
  1854 | D:2      | Reached XP level 3. HP: 5/16 MP: 5/8
  3088 | D:3      | Reached XP level 4. HP: 21/21 MP: 6/9
  3165 | D:3      | Learned a level 3 spell: Confusing Touch
  3169 | D:3      | Learned a level 3 spell: Tukima's Dance
  3437 | D:3      | Found a radiant altar of Vehumet.
  3440 | D:3      | Found a sacrificial altar of Ru.
  3440 | D:3      | Found a burning altar of Makhleb.
  3445 | D:3      | Found a shimmering altar of Xom.
  3445 | D:3      | Found a shimmering altar of Xom.
  3445 | D:3      | Found a shimmering altar of Xom.
  3656 | D:3      | You fall into a shaft and drop 1 floor!
  3836 | D:4      | Reached skill level 6 in Stealth
  3836 | D:4      | Reached skill level 1 in Evocations
  3836 | D:4      | Reached XP level 5. HP: 19/25 MP: 1/11
  4373 | D:4      | Identified the amulet "Piqojaatt" {Reflect rElec Int+2
                  | SH+5}
  4450 | D:4      | Noticed an ogre
  4457 | D:4      | Killed an ogre
  4458 | D:4      | Reached skill level 1 in Fighting
  4683 | D:4      | Reached XP level 6. HP: 27/30 MP: 9/12
  4777 | D:5      | Entered Level 5 of the Dungeon
  4786 | D:5      | Noticed Pikel
  5058 | D:5      | Reached skill level 1 in Ice Magic
  5299 | D:4      | Killed Pikel
  5300 | D:4      | Reached skill level 8 in Stealth
  5300 | D:4      | Reached skill level 5 in Hexes
  5300 | D:4      | Reached XP level 7. HP: 35/35 MP: 5/14
  5378 | D:5      | Noticed Grinder
  5396 | D:5      | Killed Grinder
  5397 | D:5      | Reached skill level 5 in Dodging
  5397 | D:5      | Reached XP level 8. HP: 31/39 MP: 11/16
  5720 | D:6      | Identified the ring "Badime" {Fly rF+ Int-5 SInv Stlth+}
  5739 | D:6      | Found a radiant altar of Vehumet.
  5948 | D:6      | Found a glowing golden altar of the Shining One.
  6007 | D:6      | Reached skill level 9 in Stealth
  6033 | D:6      | Found a glowing drain.
  6048 | D:6      | Reached skill level 5 in Spellcasting
  6050 | Sewer    | Entered a sewer
  6550 | Sewer    | Found a viscous altar of Jiyva.
  6899 | D:6      | Found a glowing silver altar of Zin.
  7275 | D:7      | Noticed Prince Ribbit
  7277 | D:7      | Found a large runed translucent door.
  7277 | D:7      | Found a large runed translucent door.
  7279 | D:7      | Killed Prince Ribbit
  7297 | D:7      | Reached skill level 10 in Stealth
  7414 | D:7      | Found a staircase to the Ecumenical Temple.
  7427 | D:7      | Reached XP level 9. HP: 31/44 MP: 14/18
  7787 | D:7      | Identified the +8 scimitar of Distant Shores {holy, rF+ rN+
                  | SInv Stlth-}
  7882 | D:7      | Found an ornate altar of the Wu Jian Council.
  7897 | D:7      | Reached skill level 5 in Evocations
  8268 | D:7      | Found a runed translucent door.
  8810 | D:7      | Learned a level 4 spell: Cause Fear
  9394 | D:5      | Reached skill level 11 in Stealth
  9625 | D:5      | Reached skill level 5 in Short Blades
  9913 | Temple   | Entered the Ecumenical Temple
  9995 | Temple   | Became a worshipper of Dithmenos the Shadowed
 10125 | D:7      | Found an iron altar of Okawaru.
 10135 | D:7      | Found a basalt altar of Yredelemnul.
 10708 | D:8      | Noticed a death knight
 11237 | D:8      | Found a stormy altar of Qazlal.
 11244 | D:8      | Found a blossoming altar of Fedhas.
 11535 | D:8      | Reached * piety under Dithmenos
 11539 | D:8      | Reached XP level 10. HP: 49/49 MP: 6/21
 11817 | D:8      | Found Joesudghosi's Assorted Antiques.
 11937 | D:8      | Found a shimmering blue altar of Sif Muna.
 12234 | D:8      | Found a white marble altar of Elyvilon.
 12510 | D:9      | Reached skill level 12 in Stealth
 12731 | D:9      | Found a staircase to the Orcish Mines.
 13297 | D:9      | Reached ** piety under Dithmenos
 13628 | D:10     | Entered Level 10 of the Dungeon
 13628 | D:10     | Noticed a two-headed ogre
 13632 | D:10     | Killed a two-headed ogre
 13932 | D:10     | Found a hide-covered altar of Uskayaw.
 14256 | D:10     | Noticed Fannar
 14752 | D:11     | Reached XP level 11. HP: 53/53 MP: 19/23
 14796 | D:11     | Reached skill level 13 in Stealth
 14807 | D:11     | Reached skill level 10 in Hexes
 14808 | D:11     | Noticed a two-headed ogre
 14818 | D:11     | Killed a two-headed ogre
 15279 | D:11     | Found a staircase to the Lair.
 15771 | D:11     | Reached skill level 10 in Evocations
 15776 | D:11     | Noticed a boulder beetle
 15800 | D:11     | Killed a boulder beetle
 16083 | D:11     | Noticed a four-headed hydra
 16090 | D:11     | Killed a four-headed hydra
 16145 | D:12     | Noticed a deep elf pyromancer
 16287 | D:12     | Noticed a death knight
 16293 | D:12     | Reached *** piety under Dithmenos
 16654 | D:12     | Reached skill level 14 in Stealth
 16982 | D:12     | Found Pyun's Magic Scroll Boutique.
 16985 | D:12     | Found a runed translucent door.
 16990 | D:12     | Bought a scroll of identify for 24 gold pieces
 16990 | D:12     | Bought a scroll of teleportation for 36 gold pieces
 16990 | D:12     | Bought a scroll of identify for 24 gold pieces
 16990 | D:12     | Bought a scroll of identify for 24 gold pieces
 17002 | D:12     | Noticed a phantasmal warrior
 17002 | D:12     | Noticed a sea snake
 17003 | D:12     | Noticed a frost giant
 17004 | D:12     | Noticed a glowing orange brain
 17004 | D:12     | a sea snake changed into a glowing orange brain
 17008 | D:12     | Killed a deep elf pyromancer
 17009 | D:12     | Reached XP level 12. HP: 58/58 MP: 26/26
 17044 | D:12     | Noticed a four-headed hydra
 17052 | D:12     | Killed a four-headed hydra
 17058 | D:12     | Found a portal to a secret trove of treasure.
 17145 | D:12     | Noticed a four-headed hydra
 17150 | D:12     | Noticed an ice dragon
 17175 | D:12     | Noticed a fire dragon
 17515 | D:13     | Noticed a catoblepas
 17522 | D:13     | Killed a catoblepas
 17523 | D:13     | Reached skill level 10 in Dodging
 17563 | D:13     | Noticed Kirke
 17568 | D:13     | Noticed a sphinx
 17967 | Lair:1   | Entered Level 1 of the Lair of Beasts
 18200 | Lair:1   | Reached **** piety under Dithmenos
 18257 | Lair:1   | Found a gate leading to a gauntlet.
 18265 | Gauntlet | Entered a Gauntlet
 18265 | Gauntlet | Found a runed translucent door.
 18265 | Gauntlet | Found a transporter.
 18265 | Gauntlet | Found a runed translucent door.
 18540 | Gauntlet | Learned a level 3 spell: Ignite Poison
 19118 | Gauntlet | Found a transporter.
 19161 | Gauntlet | Noticed a tengu warrior
 19211 | Gauntlet | Found a transporter.
 19219 | Gauntlet | Found a transporter.
 19220 | Gauntlet | Found a transporter.
 19321 | Gauntlet | Noticed a dire elephant
 19368 | Gauntlet | Found a transporter.
 19628 | Gauntlet | Found a transporter.
 19635 | Gauntlet | Found a transporter.
 19643 | Gauntlet | Identified the ring "Oseidaeh" {rElec Will++ SInv}
 19643 | Gauntlet | Noticed a minotaur
 19675 | Gauntlet | Identified the ring of Kiafitz {rElec rF- rN++ Dex+6}
 19693 | Lair:1   | Learned a level 5 spell: Lightning Bolt
 19741 | Lair:1   | Noticed a six-headed hydra
 19748 | Lair:1   | Killed a six-headed hydra
 20034 | Lair:1   | Noticed a seven-headed hydra
 20052 | Lair:1   | Killed a seven-headed hydra
 20053 | Lair:1   | Reached skill level 10 in Spellcasting
 20053 | Lair:1   | Reached skill level 1 in Air Magic
 20125 | Lair:1   | Reached skill level 1 in Conjurations
 20282 | Lair:1   | Noticed Gastronok
 20285 | Lair:1   | Found a shimmering blue altar of Sif Muna.
 20733 | Lair:1   | Reached skill level 15 in Stealth
 21624 | Lair:2   | Found a staircase to the Swamp.
 21638 | Lair:2   | Reached XP level 13. HP: 61/61 MP: 23/28
 21967 | Lair:2   | You are sucked into a shaft and drop 2 floors!
 22355 | Lair:3   | Learned a level 4 spell: Petrify
 22619 | Lair:3   | Reached ***** piety under Dithmenos
 23178 | Lair:2   | Reached skill level 1 in Transmutations
 23241 | Lair:2   | Noticed Harold
 23246 | Lair:2   | Killed Harold
 23251 | Lair:2   | Reached skill level 1 in Earth Magic
 24813 | Lair:4   | Found a shadowy altar of Dithmenos.
 25255 | Lair:4   | Found a staircase to the Snake Pit.
 25982 | Lair:5   | Found a staircase to the Slime Pits.
 26379 | Lair:5   | Reached skill level 16 in Stealth
 26849 | Lair:1   | Killed Gastronok
 26850 | Lair:1   | Reached XP level 14. HP: 64/66 MP: 26/30
 27075 | D:13     | Killed Kirke
 27490 | D:13     | Reached skill level 5 in Transmutations
 27490 | D:13     | Reached skill level 15 in Evocations
 28770 | D:14     | Found a gate to the Vaults.
 28935 | D:14     | Found a white marble altar of Elyvilon.
 28942 | D:14     | Found a glowing golden altar of the Shining One.
 28944 | D:14     | Found a glowing silver altar of Zin.
 29858 | D:14     | Reached ****** piety under Dithmenos
 29952 | D:15     | Entered Level 15 of the Dungeon
 30252 | D:15     | Reached skill level 5 in Air Magic
 30439 | D:15     | Noticed Agnes
 31342 | D:15     | Found a staircase to the Depths.
 31934 | D:15     | Reached XP level 15. HP: 67/68 MP: 30/32
 32353 | D:13     | Identified the +8 battleaxe "Qarunel" {venom, rPois Str+2
                  | Stlth+}
 32585 | Lair:6   | Entered Level 6 of the Lair of Beasts
 32613 | Lair:6   | Reached skill level 17 in Stealth
 33000 | Lair:6   | Noticed Rupert
 33014 | Lair:6   | Killed Rupert
 33572 | Lair:6   | Noticed Urug
 34529 | Lair:6   | Found a large runed translucent door.
 34531 | Lair:6   | Found a large runed translucent door.
 34766 | Orc:1    | Entered Level 1 of the Orcish Mines
 35005 | Orc:1    | Noticed Jorgrun
 35060 | Orc:1    | Killed from afar by Jorgrun

Illustrated notes

Levels and vault maps discovered:
D:1:      dpeg_arrival_short_road, layout_loops_ring, serial_co_window_serial,
          co_window_cross_1, co_window_corner_a, co_window_paths_b,
          co_window_corner_a, co_window_corner_a, co_window_of_opportunity_b,
          co_window_corner_b, co_window_of_opportunity_b,
          co_window_of_opportunity_b, co_window_broadway_b, co_window_2corner,
          co_window_4corner_b, glass_columns_b, glass_columns_a, minmay_ruptured
D:2:      layout_rooms, serial_forest, infiniplex_forest_end_3,
          infiniplex_forest_zigzag_1, infiniplex_forest_zigzag_1,
          infiniplex_forest_lined_3_way, infiniplex_forest_clump_medium,
          infiniplex_forest_clump_medium, infiniplex_forest_clump_tiny,
          minmay_distorted
D:3:      layout_loops_ring, doesnt_xom_only_xom
D:4:      layout_rooms, minmay_lizard_king
D:5:      layout_rooms, uniq_grinder, uniq_pikel
D:6:      layout_gridville, nicolae_tso_carved_into_rock, zin_scriptorium,
          vehumet_altar_wand_db, gup_sewer_entry_bubbles
D:7:      layout_basic, mainiacjoe_overflow_cross_hatched,
          jmf_multi_god_temple2, minmay_temple_entry_enclosed_plants,
          lightli_church_of_beogh, uniq_prince_ribbit1
D:8:      layout_basic, lemuel_tele_altar, fedhas_bush_and_centaur_altar,
          grunt_qazlal_clouds, general_overflow_altar, serial_shops, shop
D:9:      layout_roguey, hiddenorc1_lemuel, corexii_hall_statues_s
D:10:     layout_irregular_city, eat_drink_and_be_merry_uskayaw, serial_glass,
          glass_columns_a, glass_columns_c, uniq_fannar
D:11:     layout_basic, erik_lair_orcish_takeover, minmay_circle_x
D:12:     layout_cave_pools, serial_shops, nicolae_shop_crystal, enter_trove_2,
          kennysheep_treasure_room
D:13:     minmay_the_grid_triangle_9x9_recursive_2
          [minmay_the_grid_triangle_9x9_prize_top_heavy,
          minmay_the_grid_triangle_9x9_sparse_checkered,
          minmay_the_grid_triangle_9x9_windchime,
          minmay_the_grid_triangle_9x9_from_above], layout_basic, special_room
          [special_room_bee], uniq_kirke
D:14:     layout_roguey, david_vaults_2, good_gods_mini_temple,
          water_boxes_lemuel
D:15:     hangedman_depths_entry_civil_slaughter, layout_basic,
          hangedman_decor_diamond_cutter, uniq_agnes
Temple:   compressed_dpeg_circular_temple
Lair:1:   beast_lair_carwin_large_1, layout_long_grid, basic_altar,
          gauntlet_entry_generic, st_stairs_6, uniq_gastronok
Lair:2:   layout_regular_city, minmay_swamp_entry_worms, uniq_harold
Lair:3:   layout_small_grid, grunt_megastairs_5
Lair:4:   layout_loops_ring, guppyfry_snake_entry_island, lemuel_centaur_altar
Lair:5:   layout_roguey, minmay_slime_entry_eyes, nicolae_quartered_pool_super,
          serial_bayou_shore_a, serial_bayou_shore_b
Lair:6:   cheibrodos_lair_end_hotspot, layout_loops_ring, uniq_urug, uniq_rupert
Orc:1:    layout_caves, uniq_jorgrun

Skill      XL: |  1  2  3  4  5  6  7  8  9 10 11 12 13 14 15 |
---------------+----------------------------------------------+-----
Dodging        | 3 4 5 7 8 9 10 | 10.4
Spellcasting   | 3 4 5 6 7 9 10 11 12 | 12.4
Stealth        | 5 6 8 10 11 12 14 15 16 17 | 17.2
Hexes          | 4 5 6 7 9 11 13 14 | 14.7
Short Blades   | 2 3 4 5 |  5.5
Evocations     | 1 3 4 6 8 11 13 14 16 | 16.4
Fighting       | 1 2 3 4 |  4.8
Ice Magic      | 1 |  1.0
Air Magic      | 1 3 5 |  5.6
Conjurations   | 1 3 4 |  4.6
Transmutations | 4 6 7 |  7.2
Earth Magic    | 2 4 |  4.9

Action                   |  1- 3 |  4- 6 |  7- 9 | 10-12 | 13-15 || total
-------------------------+-------+-------+-------+-------+-------++-------
Melee: Dagger            |   127 |   152 |   361 |   392 |   514 ||  1546
       Punch             |     1 |     3 |     1 |     1 |    10 ||    16
 Cast: Ensorcelled Hiber |    24 |    39 |   123 |   205 |   258 ||   649
       Confusing Touch   |       |     9 |    12 |    22 |    24 ||    67
       Tukima's Dance    |       |       |    25 |    20 |    28 ||    73
       Cause Fear        |       |       |       |    21 |    12 ||    33
       Ignite Poison     |       |       |       |     5 |     5 ||    10
       Petrify           |       |       |       |       |    11 ||    11
       Lightning Bolt    |       |       |       |       |     3 ||     3
 Abil: Evoke Invisibilit |       |       |       |     3 |     7 ||    10
  Use: Scroll            |       |       |    15 |     9 |    21 ||    45
       Potion            |       |       |     3 |     5 |     6 ||    14
 Stab: Sleeping          |    26 |    30 |    85 |   135 |   186 ||   462
       Confused          |       |     4 |    11 |    19 |    21 ||    55
       Invisible         |       |       |    11 |     3 |     9 ||    23
       Distracted        |       |       |     1 |     3 |     2 ||     6
       Fleeing           |       |       |       |     2 |     1 ||     3
       Petrified         |       |       |       |       |     6 ||     6
       Held in net/web   |       |       |       |       |     3 ||     3
Armor: Robe              |    10 |    20 |    25 |    21 |    12 ||    88
Dodge: Dodged            |    84 |   105 |   243 |   368 |   349 ||  1149
Block: Other             |       |    23 |    71 |    94 |    57 ||   245
       Reflection        |       |       |     4 |     4 |     6 ||    14
